AoeStats
← eugenioragni1

Arena

506700079Analyzed
3v3 RM · 16d ago on Sep 14, 2026· 42m 32s· 6 players
Game mode
Random Map
Map size
Normal (6 player)
Population
200
Speed
Normal
Resources
Standard
Victory
Conquest
Starting age
Dark Age
Ending age
Imperial Age
RankedLock teamsTeams togetherTeam positionsShared explorationLock speedFull tech treeHidden civsTurbo modeCheats
Victory
Defeat
🇮🇹 Khmer · Italy
809
+11
🇨🇱 Teutons · Chile
749
+13
🇲🇽 Spanish · Mexico
734
+14
🇳🇱 Goths · Netherlands
720
-14
🇷🇺 Bohemians · Russia
680
-12
🇷🇺 Franks · Russia
676
-12
MrTakkie
0:28 Loom
11:25 Feudal Age
11:58 Double-Bit Axe
13:32 Horse Collar
20:47 Castle Age
22:53 Heavy Plow
23:16 Bow Saw
30:49 Gold Mining
36:45 Imperial Age
35:59 Anarchy
38:52 Two-Man Saw
38:25 Crop Rotation
40:07 Wheelbarrow
42:42 Hand Cart
Loli drinks vodka ☭
11:58 Feudal Age
18:42 Castle Age
16:59 Double-Bit Axe
28:07 Wheelbarrow
31:30 Imperial Age
29:54 Fletching
31:00 Elite Skirmisher
31:47 Bodkin Arrow
31:53 Padded Archer Armor
33:22 Bow Saw
34:06 Leather Archer Armor
37:38 #83
37:16 Cavalier
38:57 Forging
38:58 Scale Barding Armor
41:35 Chemistry
Noobburner
6:42 Loom
15:21 Feudal Age
17:25 Wheelbarrow
16:38 Double-Bit Axe
16:58 Horse Collar
22:46 Castle Age
21:56 Fletching
26:16 Bodkin Arrow
30:04 Chemistry
32:04 Ballistics
31:59 Fortified Wall
32:01 Padded Archer Armor
33:30 Heavy Plow
35:25 Hand Cart
35:27 Bow Saw
41:43 Imperial Age
42:10 Wagenburg Tactics
42:53 Conscription
pjanic1520
5:14 Loom
12:03 Feudal Age
19:13 Castle Age
19:02 Padded Archer Armor
18:58 Fletching
19:10 Gold Mining
19:14 Double-Bit Axe
19:30 Horse Collar
20:24 Bow Saw
20:18 Heavy Plow
27:55 Redemption
28:04 Fervor
28:16 Sanctity
31:37 Husbandry
31:47 Bloodlines
38:26 Fletching
38:42 Scale Barding Armor
38:56 Leather Archer Armor
44:16 Imperial Age
42:23 Wheelbarrow
alfredo296gomez
8:47 Loom
11:05 Feudal Age
11:46 Double-Bit Axe
12:03 Horse Collar
17:54 Castle Age
16:57 Fletching
22:03 Heavy Plow
23:36 Forging
23:25 Bodkin Arrow
26:32 Ballistics
27:08 Stone Mining
32:16 Imperial Age
32:10 Squires
33:24 Stone Shaft Mining
32:40 Gold Mining
35:15 Crenellations
36:11 Crop Rotation
37:19 Chemistry
38:09 Wheelbarrow
37:20 Town Watch
38:56 Bow Saw
41:27 Ironclad
40:58 Cavalier
41:49 Bloodlines
43:03 Hoardings
eugenioragni1
10:47 Feudal Age
18:37 Castle Age
18:49 Stone Mining
20:17 Double-Bit Axe
20:44 Horse Collar
22:15 Gold Mining
24:04 Bow Saw
24:54 Gold Shaft Mining
25:01 Wheelbarrow
25:37 Ballistics
26:26 Hand Cart
31:59 Imperial Age
29:36 Fletching
32:49 Forging
32:45 Scale Barding Armor
32:08 Heavy Scorpion
34:15 Double Crossbow
34:53 Caravan
41:57 Elite Battle Elephant
42:48 Bloodlines
42:39 Husbandry
43:18 Iron Casting
43:04 Chain Barding Armor
Connection lost

Rejoining the realm…

Still unreachable

The connection could not be restored.

Session expired

The server has moved on; the page needs a fresh start.